 Dungeon Crawl Stone Soup version 0.30-a0-1112-gfb780f5df6 (webtiles) character file.

Game seed: 6574194572570594651

97657 cforsyth the Severer (level 15, -4/139 HPs)
             Began as a Demigod Wanderer on Apr 20, 2023.
             Slain by a death knight
             ... wielding a +0 broad axe
              (15 damage)
             ... on level 14 of the Dungeon.
             The game lasted 01:07:31 (29589 turns).

cforsyth the Severer (Demigod Wanderer)            Turns: 29589, Time: 01:07:32

Health: -4/139     AC: 24    Str: 28    XL:     15   Next: 28%
Magic:  20/20      EV: 10    Int: 18    God:
Gold:   3072       SH:  5    Dex: 14    Spells: 15/16 levels left

rFire   + . .      SeeInvis .    a - +6 battleaxe (venom)
rCold   + + +      Faith    .    (shield currently unavailable)
rNeg    . . .      Spirit   .    E - +3 ring mail {rC+}
rPois   .          Reflect  +    W - +2 helmet
rElec   .          Rampage  .    C - scarf {rC+ rF+}
rCorr   .                        O - +2 pair of gloves
Will    ++...                    B - +0 pair of boots "Iwoapata" {rC++ Regen+}
Stlth   ++                       g - amulet of reflection
HPRegen 1.23/turn                X - ring of willpower
MPRegen 0.17/turn                S - +4 ring of protection

@: no status effects
A: high MP 1, forlorn, divine attributes
a: no special abilities


You were on level 14 of the Dungeon.
You visited 4 branches of the dungeon, and saw 23 of its levels.
You also visited: Bailey.

You collected 3072 gold pieces.

Inventory:

Hand Weapons
 a - a +6 battleaxe of venom (weapon)
 b - the +7 sling of Discord {drain, Stlth+}
   (You found it on level 5 of the Dungeon)

   Stlth:     It makes you more stealthy.
 L - a +0 broad axe of flaming
 R - a +0 whip of electrocution
Armour
 B - the +0 pair of boots "Iwoapata" (worn) {rC++ Regen+}
   (You acquired it on level 10 of the Dungeon)

   rC:        It greatly protects you from cold.
   Regen:     It increases your rate of health regeneration.
 C - a scarf of resistance (worn)
 E - a +3 ring mail of cold resistance (worn)
 O - a +2 pair of gloves (worn)
 W - a +2 helmet (worn)
Jewellery
 c - an amulet of the acrobat
 d - a +6 ring of intelligence
 g - an amulet of reflection (around neck)
 p - a ring of positive energy
 s - a ring of magical power
 y - an amulet of regeneration
 A - a ring of positive energy
 S - a +4 ring of protection (right hand)
 X - a ring of willpower (left hand)
 Y - a ring of resist corrosion
Wands
 r - a wand of polymorph (7)
 u - a wand of paralysis (15)
 x - a wand of digging (5)
 I - a wand of light (12)
 K - a wand of flame (29)
 V - a wand of iceblast (10)
 Z - a wand of mindburst (5)
Scrolls
 f - 3 scrolls of blinking
 h - 4 scrolls of enchant weapon
 n - 2 scrolls of magic mapping
 o - 4 scrolls of enchant armour
 q - 4 scrolls of vulnerability
 t - 3 scrolls of torment
 v - 9 scrolls of teleportation
 F - 6 scrolls of immolation
 J - 3 scrolls of brand weapon
 P - 4 scrolls of fog
 Q - a scroll of silence
 T - 3 scrolls of fear
 U - 2 scrolls of identify
Potions
 e - 7 potions of flight
 i - 3 potions of brilliance
 j - 2 potions of attraction
 k - 15 potions of curing
 l - a potion of invisibility
 m - 3 potions of cancellation
 w - 3 potions of magic
 z - 3 potions of mutation
 D - a potion of resistance
 G - 2 potions of lignification
 H - 3 potions of might
 M - 3 potions of ambrosia
 N - 4 potions of haste


   Skills:
 + Level 14.7 Fighting
 + Level 16.0 Axes
 - Level 1.3(10.5) Maces & Flails
 + Level 14.7 Armour
 - Level 3.6 Stealth
 - Level 3.6 Unarmed Combat
 - Level 1.0 Spellcasting
 - Level 1.0 Translocations


You had 15 spell levels left.
You knew the following spells:

 Your Spells              Type           Power      Damage    Failure   Level
a - Apportation           Tloc           8%         N/A       17%         1

Your spell library contained the following spells:

 Spells                   Type           Power      Damage    Failure   Level
 Beastly Appendage        Tmut           0%         N/A       26%         1
 Magic Dart               Conj           0%         1d3       26%         1
 Sandblast                Erth           0%         2d4       26%         1
 Call Imp                 Summ           0%         N/A       36%         2
 Passwall                 Tmut/Erth      0%         N/A       36%         2
 Wereblood                Tmut           0%         N/A       36%         2
 Gell's Gravitas          Tloc           4%         N/A       45%         3
 Teleport Other           Tloc           4%         N/A       45%         3
 Portal Projectile        Hex/Tloc       4%         N/A       52%         3
 Vhi's Electric Charge    Tloc/Air       4%         N/A       52%         3
 Frozen Ramparts          Ice            0%         1d1       58%         3
 Mephitic Cloud           Conj/Pois/Air  0%         N/A       58%         3
 Spider Form              Tmut/Pois      0%         N/A       58%         3
 Stone Arrow              Conj/Erth      0%         3d7       58%         3
 Tukima's Dance           Hex            0%         N/A       58%         3
 Ice Form                 Ice/Tmut       0%         N/A       94%         4
 Summon Ice Beast         Ice/Summ       0%         N/A       94%         4
 Summon Forest            Summ/Tloc      1%         N/A       99%         5
 Blade Hands              Tmut           0%         N/A       100%        5
 Dispersal                Tloc           2%         N/A       100%        6
 Eringya's Noxious Bog    Tmut/Pois      0%         N/A       100%        6
 Summon Hydra             Summ           0%         N/A       100%        7


Dungeon Overview and Level Annotations

Branches:
Dungeon (15/15)            Temple (1/1) D:4            Lair (5/5) D:10
  Swamp (0/4) Lair:2        Snake (0/4) Lair:3        Slime (0/5) Lair:5
    Orc (2/2) D:11            Elf (0/3) Orc:2        Vaults (0/5) D:13
 Bailey (visited)
 Depths: D:15

Shops:
D:3 [   D:10 (   D:11 (   D:13 *   Orc:2 =*(!

Portals:
Hell: Lair:5
Pandemonium: Orc:2
Trove: D:12 (give +3 storm dragon scales)

Annotations:
D:7 1 runed translucent door, Crazy Yiuf
D:8 2 transporters
D:12 2 runed translucent doors, Cesushri's ghost, journeyman MiBe
Temple 4 transporters
Lair:5 1 runed translucent door


Innate Abilities, Weirdness & Mutations

You have an increased reservoir of magic. (+10% MP)
You shall have no god before yourself.
Your divine heritage dramatically boosts your attributes as you level up.


Message History

The tengu warrior is almost dead.
The tengu warrior hits you but does no damage.
The tengu warrior pecks you.
* * * LOW HITPOINT WARNING * * *
The tengu warrior barely misses you.
You hit the tengu warrior.
The tengu warrior looks as sick as possible!
The tengu warrior is almost dead.
You kill the tengu warrior!
A death knight comes into view. It is wielding a +0 broad axe.
A wraith comes into view.
The death knight shouts!
A skeletal warrior comes into view. It is wielding a +0 dire flail.
The death knight hits you but does no damage.
There is a stone staircase leading up here.
The death knight hits you but does no damage.
You climb upwards.
There is a stone staircase leading down here.
You hit the death knight but do no damage.
The death knight is poisoned.
The death knight calls down the wrath of Yredelemnul upon you.
You resist with almost no effort.
You barely miss the death knight.
The death knight is lightly wounded.
You hit the death knight but do no damage.
The death knight looks as sick as possible!
The death knight is lightly wounded.
The death knight hits you with a +0 broad axe!!
* * * LOW HITPOINT WARNING * * *
You slice the death knight!!
The death knight looks as sick as possible!
The death knight is moderately wounded.
The death knight hits you with a +0 broad axe.
* * * LOW HITPOINT WARNING * * *
Aiming: Bolt of Light
Press: ? - help, Shift-Dir - straight line, f - death knight
Aim: a death knight, wielding a +0 broad axe and wearing a +0 chain mail (moderately wounded, extremely poisoned, 71% to hit)
The bolt of light misses the death knight.
The death knight hits you with a +0 broad axe!
You die...

...#≈...# #.......# #........
...#≈≈≈≈# #.......# #........
...+##### #.......# #........
....}.# #.......#######........
..(...# #...............#######
......# #.......#######.#
......#####..<....# #.#
..................# #.#
......#####....p@.# #.# ......#
#.......#######.# ......#
#...............# ~...~.#
#.......###..##.####### .>..≈.#
#.......≈≈≈≈.##........
...~~.#####.......≈....##........
..≈≈...........<..≈≈≈≈###........
##.~#######.......##### #........
#.~# #.#####.# #........


You could see a death knight (extremely poisoned).

Vanquished Creatures
  An orc warlord (Bailey)
  Nessos (Lair:3)
  A dire elephant (Lair:5)
  Snorg (Lair:3)
  A fire dragon (D:15)
  Josephine (D:15)
  A great orb of eyes (D:13)
  Erolcha (D:12)
  A vault guard (D:13)
  A rakshasa (D:14)
  9 hydras
  A boulder beetle (D:12)
  3 catoblepae
  A centaur warrior (D:13)
  7 death yaks
  3 demonspawn (Orc:2)
  5 two-headed ogres
  A tengu warrior (D:15)
  7 orc high priests
  Urug (Lair:1)
  A fire crab (Lair:3)
  2 sun demons
  3 skeletal warriors (D:13)
  A sixfirhy (Orc:2)
  A bog body (Lair:2)
  A wizard (Lair:5)
  5 orc knights
  A lindwurm (Lair:5)
  2 deep elf pyromancers
  4 cyclopes
  7 orc sorcerers
  2 ugly things (D:13)
  A guardian serpent (D:13)
  22 elephants
  3 black mambas
  2 centaur skeletons (D:11)
  4 orange demons
  Maggie (D:7)
  A kobold demonologist (D:11)
  7 cane toads
  13 komodo dragons
  An unseen horror (D:11)
  2 unseen horror zombies (D:8)
  An efreet (D:13)
  Psyche (D:12)
  5 rime drakes
  2 ice devils (Lair:5)
  A red devil (Lair:5)
  7 trolls
  A hellwing (Lair:5)
  4 polar bears
  A tarantella (shapeshifter) (D:14)
  8 blink frogs
  Prince Ribbit (D:7)
  A centaur simulacrum (D:11)
  A dream sheep (Lair:5)
  6 slime creatures
  2 shadows
  7 wraiths
  2 wyverns
  4 basilisks
  50 yaks
  5 wargs
  7 vampire mosquitoes
  4 hell hounds (Lair:5)
  An acid dragon (D:9)
  12 water moccasins
  5 ice beasts
  3 black bears (D:10)
  A hornet zombie (D:8)
  45 orc warriors
  10 ogres
  6 wolves (Lair:4)
  2 centaurs
  2 phantoms
  2 kobold brigands
  10 bullfrogs
  A wyvern zombie (D:8)
  6 scorpions
  18 wights
  4 killer bees (D:9)
  5 howler monkeys
  5 centaur zombies
  2 jellies
  2 hounds
  25 orc priests
  2 sleepcaps
  Jessica (D:3)
  Ijyb (D:5)
  5 iguanas
  22 orc wizards
  3 killer bee zombies (D:8)
  A boggart simulacrum (D:11)
  3 howler monkey zombies (D:8)
  17 gnolls
  11 adders
  2 shadow imps (D:5)
  2 white imps (D:6)
  2 ufetubi
  2 dart slugs
  89 orcs
  7 ball pythons
  6 endoplasms
  2 giant cockroaches (D:2)
  21 goblins
  14 hobgoblins
  6 jackals
  2 quokkas (D:1)
  7 bats
  A frilled lizard (D:2)
  9 kobolds
  4 rats
665 creatures vanquished.

Vanquished Creatures (others)
  An orc wizard (Orc:1)
  28 fungi
  38 plants
  9 withered plants (D:8)
76 creatures vanquished.

Grand Total: 741 creatures vanquished

Notes
Turn   | Place    | Note
-------+----------+-------------------------------------------
     0 | D:1      | cforsyth the Demigod Wanderer began the quest for the Orb.
     0 | D:1      | cforsyth set off with the following items: a +0 dagger, a
                  | potion of haste, a +0 pair of gloves, a scroll of fear, a
                  | +0 robe, a scroll of blinking; and the following spell
                  | memorised: Apportation; and the following spells available
                  | to memorise: Vhi's Electric Charge.
     0 | D:1      | Reached XP level 1. HP: 14/14 MP: 4/4
   607 | D:1      | Reached XP level 2. HP: 22/22 MP: 5/5
   703 | D:1      | Reached skill level 1 in Fighting
   712 | D:1      | Reached skill level 1 in Armour
  1539 | D:2      | Reached XP level 3. HP: 17/29 MP: 6/6
  2237 | D:2      | Reached XP level 4. HP: 33/37 MP: 8/8
  2510 | D:3      | You fall into a shaft and drop 2 floors!
  2510 | D:5      | Entered Level 5 of the Dungeon
  2542 | D:5      | Noticed Ijyb
  2561 | D:5      | Noticed a phantom
  2615 | D:5      | Killed a phantom
  2616 | D:5      | Reached XP level 5. HP: 16/45 MP: 9/9
  3050 | D:4      | HP: 2/45 [sleepcap (20)]
  3066 | D:4      | HP: 2/45 [sleepcap (6)]
  3987 | D:3      | Found Fol Dacw's Armour Shoppe.
  4186 | D:3      | Noticed Jessica
  4198 | D:3      | Killed Jessica
  4408 | D:3      | Identified the +1 plate armour of the Crypt {rF- Regen+
                  | rCorr Int+5}
  4700 | D:4      | Found a staircase to the Ecumenical Temple.
  4757 | Temple   | Entered the Ecumenical Temple
  4757 | Temple   | Found a transporter.
  4757 | Temple   | Found a transporter.
  4775 | Temple   | Found a transporter.
  4775 | Temple   | Found a transporter.
  4802 | Temple   | Reached XP level 6. HP: 52/52 MP: 10/10
  5395 | D:5      | Reached skill level 1 in Maces & Flails
  5407 | D:5      | Killed Ijyb
  5589 | D:5      | Reached skill level 1 in Axes
  5589 | D:5      | Reached XP level 7. HP: 60/60 MP: 11/11
  5905 | D:5      | Identified the +7 sling of Discord {drain, Stlth+}
  6072 | D:5      | Reached skill level 5 in Fighting
  6072 | D:5      | Reached skill level 2 in Axes
  6072 | D:5      | Reached skill level 5 in Armour
  6346 | D:6      | Reached skill level 3 in Axes
  6346 | D:6      | Reached XP level 8. HP: 35/69 MP: 12/12
  7901 | D:6      | Reached skill level 4 in Axes
  8070 | D:7      | Found a runed translucent door.
  8071 | D:7      | Noticed Crazy Yiuf
  8139 | D:7      | Noticed Prince Ribbit
  8141 | D:7      | Noticed Maggie
  8180 | D:7      | Killed Maggie
  8196 | D:7      | Killed Prince Ribbit
  8197 | D:7      | Reached skill level 5 in Axes
  8439 | D:7      | Reached XP level 9. HP: 78/78 MP: 13/13
  8958 | D:8      | Found a transporter.
  8958 | D:8      | Found a transporter.
  9822 | D:8      | Reached skill level 6 in Axes
 11158 | D:9      | Found a flagged portal.
 11174 | Bailey   | Entered a bailey
 11913 | Bailey   | Reached XP level 10. HP: 59/88 MP: 14/14
 12026 | Bailey   | Reached skill level 7 in Axes
 12466 | Bailey   | Noticed an orc warlord
 12763 | Bailey   | Killed an orc warlord
 13044 | Bailey   | Reached skill level 11 in Axes
 13044 | Bailey   | Reached XP level 11. HP: 97/97 MP: 15/15
 13832 | D:10     | Entered Level 10 of the Dungeon
 14014 | D:10     | Identified a scroll of acquirement
 14032 | D:10     | Acquired the +0 pair of boots "Iwoapata" {rC++ Regen+}
 14223 | D:10     | Found Mabryima's Weapon Emporium.
 14361 | D:10     | Noticed a two-headed ogre
 14372 | D:10     | Killed a two-headed ogre
 14827 | D:10     | Found a staircase to the Lair.
 15313 | D:11     | Found Neafale's Antique Weapon Shop.
 15424 | D:11     | Reached skill level 10 in Fighting
 15424 | D:11     | Reached XP level 12. HP: 104/106 MP: 16/16
 15436 | D:11     | Reached skill level 10 in Armour
 15447 | D:11     | Reached skill level 12 in Axes
 15808 | D:11     | Found a staircase to the Orcish Mines.
 16041 | D:12     | Noticed Psyche
 16582 | D:12     | Found a large runed translucent door.
 16582 | D:12     | Found a large runed translucent door.
 16634 | D:12     | Found a portal to a secret trove of treasure.
 16635 | D:12     | Noticed Erolcha
 17193 | Lair:1   | Entered Level 1 of the Lair of Beasts
 17648 | Lair:1   | Noticed Urug
 18551 | Lair:1   | Killed Urug
 18912 | Lair:2   | Found a staircase to the Swamp.
 19849 | Lair:3   | Found a staircase to the Snake Pit.
 19957 | Lair:3   | Reached skill level 13 in Axes
 20133 | Lair:3   | Noticed a four-headed hydra
 20269 | Lair:3   | Reached XP level 13. HP: 116/116 MP: 17/17
 20449 | Lair:3   | Noticed Snorg
 20460 | Lair:3   | Killed Snorg
 20496 | Lair:3   | Noticed Nessos
 20511 | Lair:3   | Killed Nessos
 21421 | Lair:4   | Reached skill level 14 in Axes
 21752 | Lair:5   | Entered Level 5 of the Lair of Beasts
 21752 | Lair:5   | Found a runed translucent door.
 21789 | Lair:5   | Found a staircase to the Slime Pits.
 21789 | Lair:5   | Noticed an azure jelly
 22455 | Lair:5   | Reached XP level 14. HP: 117/127 MP: 19/19
 23401 | Lair:5   | Found a gateway to Hell.
 23692 | Orc:1    | Entered Level 1 of the Orcish Mines
 24454 | Orc:1    | Reached skill level 15 in Axes
 24874 | Orc:2    | Entered Level 2 of the Orcish Mines
 25117 | Orc:2    | Found a staircase to the Elven Halls.
 25387 | Orc:2    | Found Jusi's General Store.
 25390 | Orc:2    | Found Ataats's Distillery.
 25469 | Orc:2    | HP: 6/130 [orc high priest/divine providence (14)]
 26492 | Orc:2    | Found Itucor's Jewellery Shoppe.
 26492 | Orc:2    | Found Jelyge's Antique Weapon Emporium.
 26493 | Orc:2    | Found a one-way gate leading to the halls of Pandemonium.
 26874 | D:12     | Killed Psyche
 26920 | D:12     | Noticed Cesushri's ghost (journeyman MiBe)
 27446 | D:13     | Found Woatewuc's Demolitions Depot.
 27893 | D:13     | Reached XP level 15. HP: 138/138 MP: 20/20
 27920 | D:13     | HP: 6/139 [seven-headed hydra (2)]
 28221 | D:12     | Killed Erolcha
 28518 | D:13     | Found a gate to the Vaults.
 29525 | D:15     | Entered Level 15 of the Dungeon
 29533 | D:15     | Noticed Josephine
 29544 | D:15     | Killed Josephine
 29552 | D:15     | Reached skill level 16 in Axes
 29589 | D:14     | Slain by a death knight

Illustrated notes

Levels and vault maps discovered:
D:1:      tarquinn_simple_flora_water_c, layout_basic, item_on_display_a
D:2:      minmay_spotlight, layout_basic, nicolae_kite_square_tiling_tiny
D:3:      layout_basic, serial_shops, shop,
          hellmonk_ecumenical_altar_pennies_from_heaven, uniq_jessica
D:4:      layout_loops_cross, minitemple, minmay_temple_entry_enclosed_plants,
          minmay_misc_feat_doors
D:5:      layout_loops_corners, minmay_pentangle, uniq_ijyb
D:6:      layout_gridville, nicolae_ru_awakened_eye,
          grunt_temple_overflow_cloverleaf
D:7:      layout_cave_pools, uniq_prince_ribbit1, uniq_crazy_yiuf_cottage,
          uniq_maggie
D:8:      gammafunk_beogh_shrine, layout_layer_cave, serial_undead,
          serial_undead_a, serial_undead_c, serial_undead_d, serial_undead_a,
          serial_undead_a, serial_undead_e, serial_undead_c, serial_undead_e
D:9:      layout_loops_cross, enter_bailey_3
D:10:     layout_basic, grunt_lair_entry_orc_guard_hut, serial_shops,
          nicolae_shop_peninsula
D:11:     layout_loops_ring, minmay_orc_entry_guard_dogs, serial_shops, shop,
          hangedman_weighted_door, grunt_ministairs_7, zin_treasury
D:12:     layout_basic, ebering_ghost_disaster_area,
          nicolae_trove_entry_free_sample, cheibrodos_ashenzari_chains,
          uniq_psyche, uniq_erolcha
D:13:     layout_stronghold, david_vaults_5, st_stairs_3, nicolae_blasting_shop,
          nrook_guardian_serpent_ordinary
D:14:     layout_small_grid, special_room [special_room_orc], serial_rivers,
          chequers_serial_rivers_small_a, chequers_serial_rivers_micro_d,
          chequers_serial_rivers_micro_a, chequers_serial_rivers_room_a,
          chequers_serial_rivers_small_3, chequers_serial_rivers_micro_c,
          nicolae_twisting_strands
D:15:     grunt_enter_depths_snipers, layout_rooms, uniq_josephine, uniq_kirke,
          uniq_roxanne
Temple:   hellmonk_temple_divided_pantheon
Lair:1:   beast_lair_carwin_large_2, layout_small_grid, uniq_urug
Lair:2:   layout_cave_pods, skrybe_swamp_entry_bodies
Lair:3:   layout_roguey, dummy_snake_entry, infiniplex_staircase_pool,
          uniq_snorg, uniq_nessos
Lair:4:   layout_misc_corridors, small_statue_intersection,
          infiniplex_staircase_pool_2
Lair:5:   evil_forest, layout_layer_cave, slime_entry_2
Orc:1:    layout_diamond_mine, guppyfry_orc_lava_fort
Orc:2:    pf_orc_diabolical, layout_caves, mines_bat_river

Skill      XL: |  1  2  3  4  5  6  7  8  9 10 11 12 13 14 15 |
---------------+----------------------------------------------+-----
Fighting       | 1 2 3 4 5 6 8 9 10 11 12 14 | 14.7
Armour         | 1 2 3 4 5 6 8 9 11 12 14 | 14.7
Maces & Flails | 1 |  1.3
Axes           | 1 3 5 6 11 13 14 15 16 | 16.0
Stealth        | |  3.6
Unarmed Combat | |  3.6
Spellcasting   | |  1.0
Translocations | |  1.0

Action                     |  1- 3 |  4- 6 |  7- 9 | 10-12 | 13-15 || total
---------------------------+-------+-------+-------+-------+-------++-------
  Melee: Dagger            |   253 |   206 |       |       |       ||   459
         Punch             |     2 |    17 |    15 |     5 |     5 ||    44
         Mace              |       |    66 |       |       |       ||    66
         Whip              |       |    53 |   468 |   108 |       ||   629
         Battleaxe         |       |       |       |   464 |   877 ||  1341
         Broad axe         |       |       |       |       |    55 ||    55
   Fire: Sling             |       |       |   178 |    95 |    10 ||   283
  Evoke: Wand              |       |     5 |     2 |    10 |     6 ||    23
    Use: Potion            |     2 |     4 |       |     3 |     8 ||    17
         Scroll            |       |       |     9 |    13 |    11 ||    33
   Stab: Sleeping          |     9 |     2 |       |     2 |     4 ||    17
         Paralysed         |       |       |     3 |       |       ||     3
         Invisible         |       |       |       |     2 |     2 ||     4
         Petrified         |       |       |       |       |     2 ||     2
         Petrifying        |       |       |       |       |     1 ||     1
 Armour: Robe              |    19 |       |       |       |       ||    19
         Ring mail         |    60 |    68 |   137 |   339 |   634 ||  1238
         Plate armour      |       |    58 |   111 |       |       ||   169
  Dodge: Dodged            |   124 |   103 |   194 |   307 |   433 ||  1161
  Block: Other             |    60 |    75 |   113 |   104 |   210 ||   562
         Reflection        |       |       |     2 |     1 |     9 ||    12

Table legend: (Time is in decaauts)
 A = Elapsed time spent in this place.
 B = Non-inter-level travel time spent in this place.
 C = Inter-level travel time spent in this place.
 D = Time resting spent in this place.
 E = Time spent auto-exploring this place.
 F = Levels seen in this place.
 G = Mean time per level.
                   A        B        C        D        E       F      G
               +--------+--------+--------+--------+--------+-----+--------+
         Total |  29675 |  28425 |   1250 |   5819 |  15953 |  24 | 1236.5 |
       Dungeon |  18759 |  17822 |    937 |   3382 |  10544 |  15 | 1250.6 |
        Temple |     70 |     62 |      8 |      0 |      0 |   1 |   70.0 |
          Lair |   6459 |   6267 |    192 |    747 |   4299 |   5 | 1291.8 |
  Orcish Mines |   2447 |   2335 |    112 |    530 |   1021 |   2 | 1223.5 |
        Bailey |   1939 |   1939 |      0 |   1159 |     87 |   1 | 1939.0 |
               +--------+--------+--------+--------+--------+-----+--------+

Top non-repeatable levels by time:
    D:11: 2193 daAuts
     D:8: 2008 daAuts
  Bailey: 1939 daAuts
  Lair:5: 1806 daAuts
   Orc:2: 1690 daAuts
  Lair:1: 1606 daAuts
     D:7: 1439 daAuts
     D:6: 1435 daAuts
     D:4: 1432 daAuts
    D:12: 1430 daAuts
     D:5: 1413 daAuts
    D:13: 1349 daAuts
     D:1: 1271 daAuts
  Lair:3: 1128 daAuts
    D:10: 1117 daAuts
